 Dungeon Crawl Stone Soup version 0.22-a0-482-g76e0a5f (webtiles) character file.

68961 Amnesiac the Reanimator (level 14, -1/96 HPs)
             Began as a Deep Elf Necromancer on June 17, 2018.
             Was a High Priest of Sif Muna.
             Killed from afar by a deep elf knight (29 damage)
             ... with an orb of energy
             ... on level 1 of the Elven Halls.
             The game lasted 01:49:32 (27167 turns).

Amnesiac the Reanimator (Deep Elf Necromancer)     Turns: 27167, Time: 01:49:33

Health: -1/96      AC: 12    Str:  5      XL:     14   Next: 88%
Magic:  6/31       EV: 27    Int: 25 (26) God:    Sif Muna [*****.]
Gold:   94         SH:  5    Dex: 15      Spells: 4/35 levels left

rFire    . . .     SeeInvis +   b - staff of death
rCold    + . .     Gourm    .   F - +0 buckler
rNeg     + . .     Faith    +   S - +0 steam dragon scales
rPois    .         Spirit   .   J - +0 helmet
rElec    +         Reflect  .   N - +1 cloak of Starlight {rElec rC+ EV+4 Stlth--}
rCorr    .         Harm     .   T - +2 pair of gloves
MR       +....                  K - +0 pair of boots
Stlth    ..........             V - amulet of faith
HPRegen  0.26/turn              A - ring of wizardry
MPRegen  0.22/turn              q - ring of see invisible

@: divine energy
A: no striking features
a: Stop Divine Energy, Channel Magic, Forget Spell, Renounce Religion


You were on level 1 of the Elven Halls.
You worshipped Sif Muna.
Sif Muna was extremely pleased with you.
You were not hungry.

You visited 4 branches of the dungeon, and saw 19 of its levels.
You also visited: Ossuary.

You collected 2089 gold pieces.
You spent 1995 gold pieces at shops.

Inventory:

Hand Weapons
 a - a +9 demon blade of venom
 p - a +2 dagger of distortion
 w - a +6 blowgun
Missiles
 h - 8 throwing nets (quivered)
 z - 7 curare-tipped needles
Armour
 n - a +0 shield of reflection
 F - a +0 buckler (worn)
 J - a +0 helmet (worn)
 K - a +0 pair of boots (worn)
 N - the +1 cloak of Starlight (worn) {rElec rC+ EV+4 Stlth--}
   (You bought it in a shop on level 2 of the Orcish Mines)

   It affects your evasion (+4).
   It protects you from cold.
   It insulates you from electricity.
   It makes you much less stealthy.
 S - +0 steam dragon scales (worn)
 T - a +2 pair of gloves (worn)
Magical Staves
 b - an uncursed staff of death (weapon)
Jewellery
 k - an uncursed ring of flight
 m - a +1 ring of protection
 q - a ring of see invisible (right hand)
 A - a ring of wizardry (left hand)
 V - an amulet of faith (around neck)
Wands
 e - a wand of iceblast (10)
 j - a wand of digging (28)
 r - a wand of random effects (18)
 G - a wand of paralysis (6)
 M - a wand of flame (58)
 O - a wand of polymorph (4)
Scrolls
 f - 4 scrolls of enchant armour {!r}
 g - 5 scrolls of teleportation {!r}
 o - a scroll of blinking {!r}
 s - 2 scrolls of magic mapping {!r}
 t - a scroll of fog {!r}
 y - 3 scrolls of fear {!r}
 H - 5 scrolls of remove curse {!r}
 U - a scroll of vulnerability {!r}
Potions
 i - a potion of haste {!q}
 l - 2 potions of cancellation {!q}
 u - 3 potions of flight {!q}
 v - 7 potions of curing {!q}
 x - 3 potions of invisibility {!q}
 B - a potion of might {!q}
 C - a potion of agility {!q}
 D - 4 potions of lignification {!q}
 E - a potion of magic {!q}
 L - a potion of brilliance {!q}
 Q - 2 potions of mutation {!q}
 R - a potion of resistance {!q}
Miscellaneous
 I - a lightning rod (4/4)
Comestibles
 c - 15 rations
 d - 4 chunks of flesh


   Skills:
 - Level 14.6 Fighting
 - Level 14.6 Dodging
 - Level 2.4 Stealth
 - Level 4.0 Shields
 - Level 11.0 Spellcasting
 + Level 14.7 Necromancy


You had 4 spell levels left.
You knew the following spells:

 Your Spells              Type           Power        Failure   Level  Hunger
a - Bolt of Draining      Conj/Necr      ######....   2%          5    ####...
b - Sublimation of Blood  Necr           #######...   0%          2    None
c - Apportation           Tloc           ##....       1%          1    None
d - Vampiric Draining     Necr           #######...   1%          3    None
e - Dispel Undead         Necr           #######.     1%          5    ####...
f - Agony                 Necr           #######.     1%          5    ####...
g - Summon Small Mammal   Summ           ##..         1%          1    None
h - Summon Butterflies    Summ           ##......     1%          1    None
r - Regeneration          Chrm/Necr      ######....   1%          3    None
s - Conjure Flame         Conj/Fire      ##......     5%          3    None
v - Blink                 Tloc           N/A          2%          2    None

Your spell library contained the following spells:

 Spells                   Type           Power        Failure   Level  Hunger
 Magic Dart               Conj           ##..         1%          1    None
 Fireball                 Conj/Fire      ##........   43%         5    ####...
 Bolt of Cold             Conj/Ice       ##........   92%         6    #####..
 Bolt of Magma            Conj/Fire/Erth ##........   43%         5    ####...
 Slow                     Hex            ##......     2%          2    None
 Throw Flame              Conj/Fire      ##....       2%          2    None
 Mephitic Cloud           Conj/Pois/Air  ##......     5%          3    None
 Death's Door             Chrm/Necr      ######....   99%         8    #######
 Animate Dead             Necr           N/A          1%          4    None
 Pain                     Necr           ####         0%          1    None
 Animate Skeleton         Necr           N/A          0%          1    None
 Haunt                    Necr/Summ      ######....   56%         7    #######
 Borgnjor's Revivificati  Necr           #######...   26%         8    #######
 Freeze                   Ice            ##..         1%          1    None
 Ozocubu's Refrigeration  Ice            ##........   92%         6    #####..
 Sticky Flame             Conj/Fire      ##......     17%         4    None
 Summon Ice Beast         Ice/Summ       ##......     17%         4    None
 Call Imp                 Summ           ##......     2%          2    None
 Sting                    Conj/Pois      ##..         1%          1    None
 Corpse Rot               Necr           N/A          0%          2    None
 Recall                   Summ/Tloc      N/A          5%          3    None
 Necromutation            Tmut/Necr      ######....   99%         8    #######
 Deflect Missiles         Chrm/Air       ##........   92%         6    #####..
 Confusing Touch          Hex            ##....       1%          1    None
 Flame Tongue             Conj/Fire      ##...        1%          1    None
 Call Canine Familiar     Summ           ##......     5%          3    None
 Silence                  Hex/Air        ##........   43%         5    ####...
 Simulacrum               Ice/Necr       ######....   13%         6    #####..
 Conjure Ball Lightning   Conj/Air       ##........   92%         6    #####..
 Excruciating Wounds      Chrm/Necr      ######....   2%          5    ####...
 Tornado                  Air            ##........   100%        9    #######
 Summon Hydra             Summ           ##........   100%        7    #######
 Inner Flame              Hex/Fire       ##......     5%          3    None
 Iskenderun's Battlesphe  Conj/Chrm      ##......     43%         5    ####...
 Summon Lightning Spire   Summ/Air       ##......     17%         4    None
 Summon Guardian Golem    Hex/Summ       ##......     5%          3    None
 Summon Mana Viper        Hex/Summ       ##......     43%         5    ####...
 Infestation              Necr           #######...   26%         8    #######


Dungeon Overview and Level Annotations

Branches:
Dungeon (15/15)            Temple (1/1) D:7            Lair (0/6) D:9
    Orc (2/2) D:10            Elf (1/3) Orc:2        Vaults (0/5) D:14
 Depths (0/5) D:15

Altars:
Ashenzari
Cheibriados
Dithmenos
Elyvilon
Fedhas
Gozag
Hepliaklqana
Kikubaaqudgha
Makhleb
Nemelex Xobeh
Okawaru
Qazlal
Ru
Sif Muna
Trog
Uskayaw
Vehumet
Wu Jian
Xom
Yredelemnul
Zin
The Shining One
Beogh

Shops:
D:4 *   D:6 !   D:10 (   D:11 *   D:13 !   Orc:2 =*([

Annotations:
D:3 epen's ghost, amateur OpTm


Message History

You feel a surge of power!
The bolt of negative energy misses the deep elf knight.
Unknown command.
Casting: Bolt of Draining (safe; 2% risk of failure)
Confirm with . or Enter, or press ? or * to list all spells.
Aiming: Bolt of Draining (safe; 2% risk of failure)
Press: ? - help, Shift-Dir - straight line, f/p - deep elf knight
Aim: a deep elf knight, wielding a scimitar (severely wounded, lightly drained)
You feel a surge of power!
The bolt of negative energy misses the deep elf knight.
The deep elf knight mumbles some strange words.
The deep elf knight flickers and vanishes for a moment.
The deep elf knight misses you. The deep elf knight closely misses you.
Casting: Bolt of Draining (safe; 2% risk of failure)
Confirm with . or Enter, or press ? or * to list all spells.
Aiming: Bolt of Draining (safe; 2% risk of failure)
Press: ? - help, Shift-Dir - straight line, f - deep elf archer, p - deep elf knight
Aim: a deep elf archer, wielding a shortbow and wearing a leather armour (repelling missiles)
You feel a surge of power!
The bolt of negative energy misses the deep elf knight.
The bolt of negative energy hits the deep elf knight.
The deep elf knight is drained!
The deep elf knight is heavily wounded.
The bolt of negative energy hits the deep elf archer.
The deep elf archer is drained!
The deep elf archer is heavily wounded.
The deep elf knight closely misses you.
Unknown command.
Casting: Bolt of Draining (safe; 2% risk of failure)
Confirm with . or Enter, or press ? or * to list all spells.
Aiming: Bolt of Draining (safe; 2% risk of failure)
Press: ? - help, Shift-Dir - straight line, f/p - deep elf archer
Aim: a deep elf archer, wielding a shortbow and wearing a leather armour (heavily wounded, repelling missiles, lightly drained)
You feel a surge of power!
Kikubaaqudgha does not allow the disloyal to dabble in death!
Death has come for you...
The bolt of negative energy misses the deep elf knight.
The bolt of negative energy hits the deep elf archer.
The deep elf archer is drained!
You kill the deep elf archer!
Sif Muna accepts your kill.
Unknown command.
Casting: Bolt of Draining (safe; 2% risk of failure)
Confirm with . or Enter, or press ? or * to list all spells.
Aiming: Bolt of Draining (safe; 2% risk of failure)
Press: ? - help, Shift-Dir - straight line, f - deep elf knight
Aim: a deep elf knight, wielding a scimitar, wearing a leather armour and wearing a buckler (heavily wounded, lightly drained)
Okay, then.
The reaper hits you from afar with a scythe of protection!!!
The deep elf knight casts a spell.
The deep elf knight seems to speed up.
The deep elf knight completely misses you.
The deep elf knight points at you and mumbles some strange words.
The stone arrow misses the deep elf knight.
The stone arrow hits you!
* * * LOW HITPOINT WARNING * * *
There is a huge open gate here.
The reaper draws a finger across its throat.
The deep elf mage gestures wildly while chanting.
The deep elf mage blinks!
The deep elf knight points at you and mumbles some strange words.
The orb of energy hits you!
You die...

#.#....[........#
#'####.........###
..# #ยง........#
.... #.8.....8.#
..e.. #.e.......#
..ee. ###'2)''###
..e. #)e..)# #...
#..)..# #.@...#
#.)<.[# ##...##
#####


You could see a reaper and 2 deep elf knights.

Vanquished Creatures
  Donald (Elf:1)
  2 orc warlords
  A stone giant (Orc:2)
  2 deep elf annihilators (Elf:1)
  A fire dragon (D:14)
  Harold (Orc:1)
  Erolcha (Orc:1)
  Erica (D:11)
  3 death knights
  The ghost of Laiders72 the Fighter, a novice MiBe of Trog (D:10)
  4 hydras
  2 centaur warriors (D:15)
  8 two-headed ogres
  An orc high priest (Orc:2)
  A deep elf knight (Elf:1)
  Nergalle (Orc:2)
  An iron troll (D:13)
  A skeletal warrior (D:15)
  A wizard (D:14)
  An unseen horror (D:14)
  Pikel (D:3)
  A deep elf archer (Elf:1)
  4 orc knights
  A phantasmal warrior (D:15)
  11 deep elf magi
  16 ugly things
  A manticore (D:12)
  2 orc sorcerers
  A cyclops (D:15)
  Joseph (D:8)
  A water nymph (shapeshifter) (D:15)
  Psyche (D:11)
  Maurice (D:8)
  2 gargoyles (D:14)
  4 kobold demonologists
  An efreet (D:15)
  11 trolls
  4 slime creatures (D:15)
  A hornet (D:15)
  An ice dragon zombie (D:15)
  5 hippogriffs
  Sigmund (D:4)
  2 shadows
  A vampire (D:13)
  3 wraiths
  16 yaks
  A redback (shapeshifter) (D:15)
  A wyvern (D:10)
  A fire elemental (Elf:1)
  Grum (D:8)
  A steam dragon (D:12)
  A basilisk (D:11)
  A hungry ghost (D:13)
  9 vampire mosquitoes
  A slave (D:4)
  5 wargs
  2 water moccasins
  A hornet zombie (D:15)
  5 sky beasts
  28 orc warriors
  A black bear (D:12)
  2 ice beasts
  6 necrophages
  An eye of draining (shapeshifter) (D:15)
  15 ogres
  6 wolves
  4 boggarts
  5 phantoms
  A human skeleton (Orc:1)
  19 centaurs
  5 big kobolds
  A gnoll sergeant (D:9)
  15 bullfrogs
  3 scorpions
  2 wyvern skeletons
  A warg zombie (Orc:1)
  A cyclops skeleton (D:15)
  A warg skeleton (Orc:1)
  A troll zombie (D:15)
  6 killer bees (D:11)
  19 wights
  4 howler monkeys
  An electric eel (D:9)
  2 vampire bats (D:9)
  2 bullfrog zombies (D:10)
  4 centaur zombies
  8 crimson imps
  11 hounds
  2 jellies
  6 centaur skeletons
  A bullfrog skeleton (D:5)
  20 orc priests
  3 iguanas
  12 worker ants
  31 orc wizards
  3 ogre zombies
  2 ogre skeletons (Orc:1)
  4 hound zombies
  6 mummies (Ossuary)
  A worker ant zombie (D:8)
  6 gnolls
  A gnoll (shapeshifter) (D:14)
  4 orc zombies
  8 adders
  5 shadow imps
  An ooze (D:1)
  4 adder zombies
  3 adder skeletons
  A worm (D:3)
  5 dart slugs
  5 leopard geckos
  88 orcs
  6 giant cockroaches
  A gnoll zombie (Ossuary)
  6 goblins
  4 hobgoblins (D:2)
  13 jackals
  5 quokkas
  3 ball pythons
  17 bats
  3 frilled lizards
  A frilled lizard skeleton (D:15)
  3 hobgoblin zombies (Ossuary)
  16 kobolds
  3 kobold zombies
  A leopard gecko skeleton (D:15)
  A leopard gecko zombie (D:5)
  18 orc skeletons
  A quokka zombie (D:8)
  8 rats
  2 rat zombies
668 creatures vanquished.

Vanquished Creatures (collateral kills)
  2 mummies (Ossuary)
  A gnoll zombie (Ossuary)
  A kobold zombie (Ossuary)
4 creatures vanquished.

Vanquished Creatures (others)
  A slave (D:4)
  A necrophage (D:4)
  A centaur (D:15)
  2 orc wizards (Orc:2)
  2 adders (D:4)
  A worm (D:4)
  An orc (D:4)
9 creatures vanquished.

Grand Total: 681 creatures vanquished

Notes
Turn   | Place    | Note
-------+----------+-------------------------------------------
     0 | D:1      | Amnesiac the Deep Elf Necromancer began the quest for the Orb.
     0 | D:1      | Reached XP level 1. HP: 10/10 MP: 6/6
   116 | D:1      | Reached skill level 1 in Fighting
   322 | D:2      | Found an opulent altar of Gozag.
   326 | D:2      | Reached XP level 2. HP: 12/16 MP: 4/8
   430 | D:2      | Found a glowing silver altar of Zin.
   481 | D:2      | Found a sacrificial altar of Ru.
   481 | D:2      | Found a shattered altar of Ashenzari.
  1117 | D:3      | Found a bloodstained altar of Trog.
  1150 | D:3      | Reached XP level 3. HP: 8/22 MP: 3/9
  1174 | D:3      | Learned a level 3 spell: Vampiric Draining
  1616 | D:3      | Reached XP level 4. HP: 21/27 MP: 4/10
  1866 | D:4      | Noticed a slave
  1866 | D:4      | Noticed a slave
  1866 | D:4      | Noticed a slave
  1873 | D:4      | Noticed Pikel
  1877 | D:4      | Noticed a slave
  2083 | D:3      | Killed Pikel
  2083 | D:3      | Reached XP level 5. HP: 21/34 MP: 0/11
  2083 | D:3      | Reached XP level 6. HP: 25/39 MP: 0/12
  2083 | D:3      | Reached XP level 7. HP: 28/44 MP: 0/13
  2274 | D:2      | Found a blossoming altar of Fedhas.
  2980 | D:2      | Learned a level 3 spell: Regeneration
  3012 | D:2      | Found a snail-covered altar of Cheibriados.
  3420 | D:3      | Noticed epen's ghost (amateur OpTm)
  3693 | D:4      | Reached skill level 5 in Fighting
  3693 | D:4      | Reached skill level 5 in Dodging
  3841 | D:4      | Found Kefuh's Serpentskin Sales.
  3853 | D:4      | Killed a freed slave
  3892 | D:4      | Noticed a hand axe
  3893 | D:4      | Found a hide-covered altar of Uskayaw.
  3893 | D:4      | Noticed a dagger
  4043 | D:4      | Noticed Sigmund
  4051 | D:4      | Learned a level 3 spell: Conjure Flame
  4057 | D:4      | Killed Sigmund
  4685 | D:5      | Entered Level 5 of the Dungeon
  4795 | D:5      | Found a shimmering altar of Xom.
  4973 | D:5      | Reached XP level 8. HP: 4/51 MP: 4/14
  5286 | D:5      | Found an ancient bone altar of Kikubaaqudgha.
  5294 | D:5      | Became a worshipper of Kikubaaqudgha
  5385 | D:5      | Reached skill level 1 in Shields
  6150 | D:5      | Learned a level 1 spell: Confusing Touch
  6260 | D:5      | Learned a level 1 spell: Summon Small Mammal
  6262 | D:5      | Learned a level 1 spell: Apportation
  6612 | D:6      | Reached XP level 9. HP: 29/56 MP: 15/15
  6952 | D:6      | Found Ekhlaj's Distillery.
  6960 | D:6      | Bought a potion of degeneration for 11 gold pieces
  6966 | D:6      | Bought a potion of agility for 44 gold pieces
  6966 | D:6      | Bought a potion of flight for 33 gold pieces
  6966 | D:6      | Bought a potion of invisibility for 88 gold pieces
  7365 | D:7      | Found a staircase to the Ecumenical Temple.
  7379 | Temple   | Entered the Ecumenical Temple
  7561 | D:7      | Reached * piety under Kikubaaqudgha
  7561 | D:7      | Identified Kikubaaqudgha's Grimoire of Sinister Rites (Kikubaaqudgha gifted it to you on level 7 of the Dungeon)
  7561 | D:7      | Received a gift from Kikubaaqudgha
  8411 | D:8      | Found a sand-covered staircase.
  8518 | Ossuary  | Entered an ossuary
  8675 | Ossuary  | Reached ** piety under Kikubaaqudgha
  8984 | D:8      | Reached skill level 5 in Spellcasting
  8995 | D:8      | Noticed Grum
  9015 | D:8      | Killed Grum
  9043 | D:8      | Reached XP level 10. HP: 27/64 MP: 3/20
  9423 | D:8      | Noticed Maurice
  9566 | D:8      | Paralysed by Maurice for 3 turns
  9579 | D:8      | Paralysed by Maurice for 2 turns
  9585 | D:8      | Killed Maurice
  9757 | D:8      | Noticed Joseph
  9773 | D:8      | Killed Joseph
 10823 | D:9      | Reached *** piety under Kikubaaqudgha
 10823 | D:9      | Identified Kikubaaqudgha's Grimoire of Unholy Secrets (Kikubaaqudgha gifted it to you on level 9 of the Dungeon)
 10823 | D:9      | Received a gift from Kikubaaqudgha
 10861 | D:9      | Learned a level 5 spell: Dispel Undead
 11009 | D:9      | Found a staircase to the Lair.
 11060 | D:9      | Learned a level 5 spell: Agony
 11666 | D:9      | Noticed a two-headed ogre
 11703 | D:9      | Killed a two-headed ogre
 12288 | D:10     | Entered Level 10 of the Dungeon
 12288 | D:10     | Noticed Laiders72's ghost (novice MiBe)
 12316 | D:10     | Killed Laiders72's ghost
 12316 | D:10     | Reached **** piety under Kikubaaqudgha
 12316 | D:10     | Reached skill level 10 in Fighting
 12316 | D:10     | Reached skill level 10 in Dodging
 12316 | D:10     | Reached XP level 11. HP: 69/72 MP: 3/25
 12724 | D:10     | Noticed a two-headed ogre
 12740 | D:10     | Killed a two-headed ogre
 12901 | D:10     | Found a staircase to the Orcish Mines.
 12903 | D:10     | Found Cyshrei's Weapon Shoppe.
 13357 | D:11     | Found Cigilale's Elemental Accessories.
 13797 | D:11     | Noticed Psyche
 13849 | D:11     | Killed Psyche
 14057 | D:11     | Noticed Sonja
 14229 | D:11     | Noticed Sonja
 14229 | D:11     | Sonja changed into Sonja the basilisk
 14245 | D:11     | Killed Sonja the basilisk
 14768 | D:11     | Noticed Erica
 14795 | D:11     | Killed Erica
 14795 | D:11     | Reached ***** piety under Kikubaaqudgha
 15030 | D:12     | Noticed a cyan ugly thing
 15050 | D:12     | Killed a cyan ugly thing
 15375 | D:12     | Learned a level 2 spell: Sublimation of Blood
 15377 | D:12     | Learned a level 1 spell: Summon Butterflies
 15407 | D:12     | Reached XP level 12. HP: 48/81 MP: 3/26
 15734 | D:12     | Identified the Disquisition on the Supportive Glacier
 16033 | D:12     | Noticed a five-headed hydra
 16064 | D:12     | Killed a five-headed hydra
 16666 | D:13     | Noticed a two-headed ogre
 16678 | D:13     | Killed a two-headed ogre
 16790 | D:13     | Noticed a two-headed ogre
 16796 | D:13     | Killed a two-headed ogre
 16887 | D:13     | Found Biwug's Distillery.
 16899 | D:13     | Noticed a two-headed ogre
 16909 | D:13     | Killed a two-headed ogre
 17069 | D:13     | Noticed a death knight
 17096 | D:13     | Noticed a death knight
 17105 | D:13     | Killed a death knight
 17140 | D:13     | Noticed a five-headed hydra
 17391 | D:13     | Killed a death knight
 17544 | D:13     | Killed a five-headed hydra
 17898 | D:14     | Noticed a two-headed ogre
 17934 | D:14     | Killed a two-headed ogre
 18179 | D:14     | Noticed a six-headed hydra
 18185 | D:14     | Noticed a two-headed ogre
 18257 | D:13     | Killed a six-headed hydra
 18257 | D:13     | Reached XP level 13. HP: 64/88 MP: 13/27
 19054 | D:14     | Noticed a fire dragon
 19379 | D:14     | Killed a fire dragon
 19492 | D:14     | Found a gate to the Vaults.
 19537 | D:15     | Entered Level 15 of the Dungeon
 20141 | D:14     | Reached ****** piety under Kikubaaqudgha
 20142 | D:14     | Received a gift from Kikubaaqudgha
 20144 | D:14     | Fell from the grace of Kikubaaqudgha
 20376 | Temple   | Became a worshipper of Sif Muna the Loreminder
 20897 | D:15     | Reached * piety under Sif Muna
 20916 | D:15     | Learned a level 5 spell: Bolt of Draining
 21356 | D:15     | Reached skill level 10 in Necromancy
 21422 | D:15     | Reached XP level 14. HP: 94/94 MP: 11/29
 21572 | D:15     | Learned a level 2 spell: Blink
 22075 | D:15     | Found a staircase to the Depths.
 22349 | D:15     | Reached ** piety under Sif Muna
 22725 | Orc:1    | Entered Level 1 of the Orcish Mines
 22725 | Orc:1    | Noticed Erolcha
 22729 | Orc:1    | Killed Erolcha
 22996 | Orc:2    | Entered Level 2 of the Orcish Mines
 22999 | Orc:2    | Reached skill level 10 in Spellcasting
 23219 | Orc:2    | Noticed a reaper
 23478 | Orc:1    | Noticed Harold
 23486 | Orc:1    | Killed Harold
 23795 | Orc:1    | Reached *** piety under Sif Muna
 23938 | Orc:1    | Noticed an orc warlord
 23946 | Orc:1    | Killed an orc warlord
 24177 | Orc:2    | Noticed an orc warlord
 24199 | Orc:2    | Noticed Nergalle
 24330 | Orc:2    | Killed an orc warlord
 24391 | Orc:1    | Noticed a reaper
 24783 | Orc:2    | Noticed a reaper
 24887 | Orc:2    | Reached **** piety under Sif Muna
 24890 | Orc:2    | Noticed a reaper
 25077 | Orc:2    | Found a roughly hewn altar of Beogh.
 25090 | Orc:2    | Killed Nergalle
 25270 | Orc:2    | Found Qareadd's Jewellery Emporium.
 25303 | Orc:2    | Found Icamuun's General Store.
 25308 | Orc:2    | Found a staircase to the Elven Halls.
 25348 | Orc:2    | Found Xodop's Antique Weapon Emporium.
 25354 | Orc:2    | Found Muagien's Antique Armour Emporium.
 25394 | Orc:2    | Bought a pair of embroidered gloves for 262 gold pieces
 25536 | Orc:2    | Noticed a stone giant
 25846 | Orc:2    | Killed a stone giant
 26398 | Orc:2    | Bought the +1 cloak of Starlight {rElec rC+ EV+4 Stlth--} for 1557 gold pieces
 26398 | Orc:2    | Found the +1 cloak of Starlight {rElec rC+ EV+4 Stlth--}
 26423 | Elf:1    | Entered Level 1 of the Elven Halls
 26427 | Elf:1    | Noticed Donald
 26676 | Elf:1    | Killed Donald
 26859 | Elf:1    | Reached ***** piety under Sif Muna
 26954 | Elf:1    | Identified Xaebuam's Collected Works on Battle Magic (Sif Muna gifted it to you on level 1 of the Elven Halls)
 26954 | Elf:1    | Received a gift from Sif Muna
 27160 | Elf:1    | Noticed a reaper
 27167 | Elf:1    | Killed from afar by a deep elf knight

Vault maps used:
D:1:      minmay_arrival_doors, minmay_pentomino_v2
D:2:      nicolae_overflow_crystal_walls, old_standard_altar,
          nicolae_overflow_hidden_temple, lemuel_coloured_pillars_altar,
          gammafunk_temple_overflow_wave, kennysheep_boxes
D:3:      lightli_temple_of_fire, serial_park_tiny_2
D:4:      dancing_weapons_uskayaw, guppyfry_shop_venom, uniq_sigmund, uniq_pikel
D:5:      lemuel_zombie_altar_kikubaaqudgha, basic_altar, first_ration
D:6:      minmay_flawed_box, serial_shops, shop
D:7:      minmay_temple_entry_grid, grunt_ogre_cave, grunt_ministairs_9
D:8:      minmay_cornered_nines, enter_ossuary_4, uniq_joseph, uniq_grum,
          uniq_maurice
D:9:      erik_lair_island, roderic_batcave, minmay_misc_feat_doors
D:10:     orc_david_3
D:11:     serial_undead, serial_undead_f, serial_undead_a, serial_undead_d,
          serial_undead_e, nicolae_elemental_shop, uniq_psyche, uniq_sonja,
          uniq_erica
D:12:     minmay_misc_feat_hallway
D:13:     minmay_bloctagon_deflated, serial_shops, shop, minmay_misc_feat_chi
D:14:     david_vaults_4
D:15:     gammafunk_enter_depths_forms, kennysheep_crisscross
Temple:   nicolae_temple_god_jail
Orc:1:    minmay_orc_barracks, uniq_harold, uniq_erolcha
Orc:2:    grunt_orc_cross, nicolae_orc_pool_cavern, statue_in_the_mist_lemuel
Elf:1:    eino_elf_arrival_the_gate, serial_shops,
          nicolae_shop_competitors_out_of_business, minmay_elf_annihilation,
          hangedman_decor_cross_pass, uniq_donald
Ossuary:  ossuary_tomb_3

Skill      XL: |  1  2  3  4  5  6  7  8  9 10 11 12 13 14 |
---------------+-------------------------------------------+-----
Fighting       | 1 2 4 5 6 8 10 11 13 14 | 14.6
Dodging        | 4 5 6 8 10 11 13 14 | 14.6
Necromancy     | 6 7 8 10 14 | 14.7
Shields        | 4 |  4.0
Spellcasting   | 5 8 9 11 | 11.0
Stealth        | |  2.4

Action                   |  1- 3 |  4- 6 |  7- 9 | 10-12 | 13-15 || total
-------------------------+-------+-------+-------+-------+-------++-------
Melee: Unarmed           |    27 |       |    50 |    28 |       ||   105
       Whip              |       |       |    56 |       |       ||    56
       Dagger            |       |       |    39 |   287 |       ||   326
       Scythe            |       |       |   376 |    17 |       ||   393
       Staff             |       |       |     9 |   135 |   135 ||   279
       Demon blade       |       |       |       |   241 |   115 ||   356
Throw: Throwing net      |       |       |     1 |       |       ||     1
 Cast: Pain              |    47 |     6 |    71 |    24 |       ||   148
       Vampiric Draining |     1 |     6 |    26 |    76 |    18 ||   127
       Regeneration      |       |       |    14 |     9 |    79 ||   102
       Conjure Flame     |       |       |     9 |    47 |    24 ||    80
       Confusing Touch   |       |       |    17 |    13 |       ||    30
       Summon Small Mamm |       |       |    14 |     7 |       ||    21
       Dispel Undead     |       |       |       |    33 |    71 ||   104
       Agony             |       |       |       |    77 |    32 ||   109
       Sublimation of Bl |       |       |       |     2 |    45 ||    47
       Apportation       |       |       |       |     1 |       ||     1
       Bolt of Draining  |       |       |       |       |   232 ||   232
       Blink             |       |       |       |       |     1 ||     1
Invok: Receive Necronomi |       |       |       |       |     1 ||     1
       Divine Energy     |       |       |       |       |     1 ||     1
       Renounce Religion |       |       |       |       |     1 ||     1
Evoke: Wand              |       |       |       |    14 |    12 ||    26
       Lightning rod     |       |       |       |     4 |       ||     4
  Use: Scroll            |     2 |     1 |     9 |    17 |     5 ||    34
       Potion            |     1 |     1 |    11 |     3 |     2 ||    18
 Stab: Sleeping          |       |       |    12 |     3 |       ||    15
       Distracted        |       |       |     3 |     1 |       ||     4
       Confused          |       |       |     9 |     8 |       ||    17
       Invisible         |       |       |     2 |       |     3 ||     5
       Paralysed         |       |       |       |     4 |       ||     4
  Eat: Chunk             |     2 |     1 |    22 |    43 |    65 ||   133
       Ration            |       |       |     2 |     4 |     8 ||    14
Armor: Robe              |     5 |     1 |    77 |    86 |       ||   169
       Skin              |       |       |    50 |       |       ||    50
       Leather armour    |       |       |       |    14 |       ||    14
       Steam dragon scal |       |       |       |    53 |    87 ||   140
Dodge: Dodged            |    22 |     1 |   516 |   760 |   592 ||  1891
Block: Buckler           |       |       |       |   161 |   139 ||   300
       Rpst.: Demon blade |       |       |       |    75 |    61 ||   136

Table legend:
 A = Spawn XP
 B = Non-spawn XP
 C = Spawn XP percentage of total XP
 D = Spawn monster count
 E = Non-spawn monster count
 F = Spawn count percentage of total count
 G = Total turns spent on level
                    A         B        C        D         E        F      G
               +---------+---------+-------+---------+---------+-------+---------
         Total |       0 |   98516 |   0.0 |       0 |     630 |   0.0 | 27167
               +---------+---------+-------+---------+---------+-------+---------
           D:1 |       0 |      64 |   0.0 |       0 |      26 |   0.0 |   769
           D:2 |       0 |      59 |   0.0 |       0 |      17 |   0.0 |  1095
           D:3 |       0 |     760 |   0.0 |       0 |      25 |   0.0 |  1723
           D:4 |       0 |     342 |   0.0 |       0 |       9 |   0.0 |  1098
           D:5 |       0 |     995 |   0.0 |       0 |      32 |   0.0 |  1466
           D:6 |       0 |    1005 |   0.0 |       0 |      23 |   0.0 |  1097
           D:7 |       0 |     905 |   0.0 |       0 |      17 |   0.0 |  1036
           D:8 |       0 |    3325 |   0.0 |       0 |      43 |   0.0 |  2028
           D:9 |       0 |    3261 |   0.0 |       0 |      52 |   0.0 |  1827
          D:10 |       0 |    4030 |   0.0 |       0 |      33 |   0.0 |  1186
          D:11 |       0 |    4906 |   0.0 |       0 |      44 |   0.0 |  1780
          D:12 |       0 |    5913 |   0.0 |       0 |      32 |   0.0 |  1431
          D:13 |       0 |   11237 |   0.0 |       0 |      35 |   0.0 |  1778
          D:14 |       0 |   11537 |   0.0 |       0 |      33 |   0.0 |  1775
          D:15 |       0 |   19867 |   0.0 |       0 |      64 |   0.0 |  2341
         Orc:1 |       0 |    7714 |   0.0 |       0 |      49 |   0.0 |  1534
         Orc:2 |       0 |   12114 |   0.0 |       0 |      66 |   0.0 |  2368
         Elf:1 |       0 |   10340 |   0.0 |       0 |      14 |   0.0 |   439
       Ossuary |       0 |     142 |   0.0 |       0 |      16 |   0.0 |   314
               +---------+---------+-------+---------+---------+-------+---------
